 Dungeon Crawl Stone Soup version 0.28.0-53-g5a82cb258f (webtiles) character file.

Game seed: 3197513506637725641

705 hawla the Firebug (level 7, -8/38 (39) HPs)
             Began as a Deep Elf Fire Elementalist on June 16, 2022.
             Mangled by a wyvern skeleton (14 damage)
             ... on level 6 of the Dungeon.
             The game lasted 00:12:59 (6043 turns).

hawla the Firebug (Deep Elf Fire Elementalist)      Turns: 6043, Time: 00:13:01

HP:   -8/38 (39)    AC:  3    Str:  7    XL:     7   Next: 39%
MP:   1/19          EV: 13    Int: 20    God:
Gold: 227           SH:  0    Dex: 15    Spells: 12/19 levels left

rFire   + + .      SeeInvis .   h - staff of fire
rCold   . . .      Faith    .   (no shield)
rNeg    . . .      Spirit   .   a - +0 robe
rPois   .          Reflect  .   (no helmet)
rElec   .          Harm     .   (no cloak)
rCorr   .          Rampage  .   c - +0 pair of gloves
Will    .....                   (no boots)
Stlth   ++........              (no amulet)
HPRegen 0.12/turn               q - ring of flight
MPRegen 0.16/turn               (no ring)

@: flying, lightly drained
A: fire resistance 1, robust 1
a: no special abilities


You were on level 6 of the Dungeon.
You visited 2 branches of the dungeon, and saw 7 of its levels.

You collected 227 gold pieces.

Inventory:

Missiles
 f - 7 poisoned darts (quivered)
Armour
 a - a +0 robe (worn)
 c - a +0 pair of gloves (worn)
Magical Staves
 h - a staff of fire (weapon)
Jewellery
 q - a ring of flight (left hand)
Wands
 l - a wand of flame (32)
Scrolls
 i - a scroll of amnesia
 o - a scroll of identify
 p - a scroll of fog {unknown}
 r - a scroll of immolation {unknown}
 t - a scroll of teleportation {unknown}
Potions
 b - a potion of invisibility
 d - a potion of resistance
 e - a potion of curing
 g - a potion of ambrosia {unknown}
 j - 2 potions of degeneration {unknown}
 k - 2 potions of flight {unknown}
 m - a potion of lignification {unknown}
 s - a potion of might {unknown}


   Skills:
 + Level 0.1 Fighting
 + Level 0.1 Staves
 + Level 2.8 Dodging
 - Level 3.5 Stealth
 - Level 6.7 Spellcasting
 * Level 3.0 Conjurations
 * Level 6.8 Fire Magic
 + Level 1.0 Evocations


You had 12 spell levels left.
You knew the following spells:

 Your Spells              Type           Power      Damage    Failure   Level
a - Foxfire               Conj/Fire      100%       2x1d9     1%          1
b - Scorch                Fire           100%       2d10      1%          2
c - Flame Wave            Conj/Fire      39%        2d9       13%         4

Your spell library contained the following spells:

 Spells                   Type           Power      Damage    Failure   Level
 Conjure Flame            Conj/Fire      39%        6-21      3%          3
 Inner Flame              Hex/Fire       30%        N/A       7%          3
 Portal Projectile        Hex/Tloc       12%        N/A       28%         3
 Blade Hands              Tmut           3%         N/A       95%         5
 Excruciating Wounds      Necr           3%         N/A       95%         5


Dungeon Overview and Level Annotations

Branches:
Dungeon (6/15)             Temple (1/1) D:4

Altars:
Ashenzari
Cheibriados
Dithmenos
Elyvilon
Fedhas
Gozag
Kikubaaqudgha
Makhleb
Nemelex Xobeh
Okawaru
Qazlal
Ru
Sif Muna
Uskayaw
Xom
Yredelemnul
Zin
The Shining One

Portals:
Ossuary: D:6


Innate Abilities, Weirdness & Mutations

Your flesh is heat resistant. (rF+)
You are robust. (+10% HP)


Message History

The gnoll's fire resistance burns away.
The gnoll hits you with a +0 whip of draining.
You feel drained.
Casting: Scorch (safe; 1% risk of failure)
Confirm with . or Enter, or press ? or * to list all spells.
You feel a surge of power!
Flames lash the gnoll.
The gnoll is burned terribly!
You kill the gnoll!
You now have 227 gold pieces (gained 9).
Things that are here:
a +0 whip of draining; a +0 whip; a gnoll corpse
Found an escape hatch in the floor.
A wyvern skeleton comes into view.
Found 3 scrolls of magic mapping and a fizzy dark potion.
Casting: Scorch (safe; 1% risk of failure)
Confirm with . or Enter, or press ? or * to list all spells.
You feel a surge of power!
You conjure some foxfire!
The wyvern skeleton closely misses you.
The wyvern skeleton bites you but does no damage.
Casting: Foxfire (safe; 1% risk of failure)
Confirm with . or Enter, or press ? or * to list all spells.
You feel a surge of power!
Flames lash the wyvern skeleton.
The wyvern skeleton is moderately damaged.
The wyvern skeleton's fire resistance burns away.
You hear a shout!
The foxfire hits the wyvern skeleton!
The wyvern skeleton is burned terribly!
The wyvern skeleton is heavily damaged.
An ogre comes into view. It is wielding a +0 giant club.
The wyvern skeleton bites you!
Casting: Scorch (safe; 1% risk of failure)
Confirm with . or Enter, or press ? or * to list all spells.
You feel a surge of power!
You conjure some foxfire!
The wyvern skeleton bites you.
Unknown command.
The foxfire hits the wyvern skeleton!
The wyvern skeleton is burned terribly!
The wyvern skeleton is severely damaged.
A bullfrog zombie comes into view.
The wyvern skeleton bites you!
* * * LOW HITPOINT WARNING * * *
The wyvern skeleton bites you!
You die...

*********,,,,,*
*,*<**,*,*,
*,,,,,,*#....!#
*,*,**,*,*,
*,,,,?,##.Z...*
*,*,,*,*,*,
*,,,,..#.....>*
*,*,,*,*,*,
*,,,,.........*
*,*,,*,*,*,
*,,,,..O.....#*
*,*,,,,*,*,
*,,,,........#
****,*,,,,*,*,
*,,,,......Z.#
*,,,,***,**,*,
*,,,,,,****#@# *,**,*
*,,*,*, ******** #v#
*,**** *,,,,*, #.#
*+#######+,**, #.#
*#...#...#,**, #.#
*.>.#$∩.#*,*, #.#
*,..#...#*,*,
######.############*,*,
#........##...#.[.#*,*,
#........##.>.#.>.#*,,,


You could see an ogre, a bullfrog zombie and a wyvern skeleton (combustible,
ally target).

Vanquished Creatures
  A phantom (D:5)
  A bullfrog (D:4)
  A centaur zombie (D:5)
  4 hounds
  A jelly (D:4)
  A bullfrog skeleton (D:5)
  4 orc priests
  2 iguanas (D:5)
  An orc wizard (D:4)
  3 gnolls (D:6)
  3 adders
  2 white imps (D:5)
  A worm (D:4)
  3 dart slugs
  15 orcs
  4 endoplasms
  3 goblins
  6 hobgoblins
  4 jackals (D:3)
  3 quokkas
  5 ball pythons
  4 bats
  3 frilled lizards
  6 kobolds
  4 rats
85 creatures vanquished.

Vanquished Creatures (collateral kills)
  2 foxfires (D:2)
2 creatures vanquished.

Vanquished Creatures (others)
  158 foxfires
  3 fungi (D:2)
  25 plants (D:2)
186 creatures vanquished.

Grand Total: 273 creatures vanquished

Notes
Turn   | Place    | Note
-------+----------+-------------------------------------------
     0 | D:1      | hawla the Deep Elf Fire Elementalist began the quest for
                  | the Orb.
     0 | D:1      | Reached XP level 1. HP: 10/10 MP: 6/6
   498 | D:1      | Reached XP level 2. HP: 15/15 MP: 4/8
   501 | D:1      | Learned a level 2 spell: Scorch
  1320 | D:2      | Reached XP level 3. HP: 18/19 MP: 5/10
  1537 | D:2      | Found a faded altar of an unknown god.
  2132 | D:3      | Found a basalt altar of Yredelemnul.
  2951 | D:4      | Reached skill level 1 in Evocations
  2951 | D:4      | Reached XP level 4. HP: 24/24 MP: 6/12
  3163 | D:4      | Gained mutation: You are robust. (+10% HP) [potion of
                  | mutation]
  3163 | D:4      | Gained mutation: Your flesh is heat resistant. (rF+)
                  | [potion of mutation]
  3168 | D:4      | Reached XP level 5. HP: 23/30 MP: 0/14
  3171 | D:4      | Reached skill level 5 in Spellcasting
  3442 | D:4      | Reached skill level 5 in Fire Magic
  3566 | D:4      | Reached XP level 6. HP: 35/35 MP: 13/17
  3791 | D:4      | Found a staircase to the Ecumenical Temple.
  3815 | Temple   | Entered the Ecumenical Temple
  4475 | D:5      | Entered Level 5 of the Dungeon
  4558 | D:5      | Learned a level 4 spell: Flame Wave
  4919 | D:5      | Reached XP level 7. HP: 39/39 MP: 15/19
  5961 | D:6      | Found a sand-covered staircase.
  6043 | D:6      | Mangled by a wyvern skeleton

Illustrated notes

Levels and vault maps discovered:
D:1:      lightli_iron_boxes, layout_basic
D:2:      layout_loops_ring, shapermc_ecumenical_altar_mp_urbaneastern,
          serial_bayou, serial_bayou_ford_a, serial_bayou_lake_a,
          serial_bayou_pond_e, serial_bayou_crossing, serial_bayou_pond_d
D:3:      layout_basic, mainiacjoe_overflow_24_doors, grunt_decor_resistance,
          st_stairs_6, bh_walls_and_bars
D:4:      layout_basic, minmay_temple_entry_junction
D:5:      layout_layer_cave
D:6:      minmay_clustersquares, layout_basic,
          nicolae_ossuary_entry_false_entrances, serial_shops, shop_statue,
          corexii_hall_statues_i, uniq_grinder
Temple:   minmay_crystal_spiral_temple

Skill      XL: |  1  2  3  4  5  6  7 |
---------------+----------------------+-----
Spellcasting   | 4 6 |  6.7
Fire Magic     | 4 5 6 |  6.8
Evocations     | 1 |  1.0
Conjurations   | 2 3 |  3.0
Stealth        | 3 |  3.5
Fighting       | |  0.1
Staves         | |  0.1
Dodging        | |  2.8

Action                   |  1- 3 |  4- 6 |  7- 9 || total
-------------------------+-------+-------+-------++-------
Melee: Staff             |     1 |     9 |       ||    10
 Cast: Foxfire           |    52 |    29 |    15 ||    96
       Scorch            |    10 |    32 |    18 ||    60
  Use: Scroll            |     4 |       |     1 ||     5
       Potion            |       |     2 |       ||     2
Armor: Robe              |     8 |     5 |     3 ||    16
Dodge: Dodged            |    20 |    20 |     3 ||    43
